 Dungeon Crawl Stone Soup version 0.22-a0-40-g3d2f077 (webtiles) character file.

139 MenacingMecha the Slasher (level 5, -1/35 HPs)
             Began as a Halfling Fighter on Jan 4, 2018.
             Slain by a sky beast (5 damage)
             ... on level 6 of the Dungeon on Jan 5, 2018.
             The game lasted 00:06:25 (1749 turns).

MenacingMecha the Slasher (Halfling Fighter)        Turns: 1749, Time: 00:06:26

Health: -1/35      AC: 11    Str: 14 (17) XL:     5   Next: 46%
Magic:  5/5        EV:  8    Int:  4 (6)  God:
Gold:   143        SH:  0    Dex: 13 (15) Spells: 4/4 levels left

rFire    + . .     SeeInvis .   a - +0 long sword
rCold    . . .     Gourm    .   (shield restricted)
rNeg     . . .     Faith    .   p - +1 chain mail {rF+}
rPois    .         Spirit   .   (no helmet)
rElec    .         Reflect  .   (no cloak)
rCorr    .         Harm     .   j - +0 pair of gloves
MR       .....                  (no boots)
Stlth    ..........             h - amulet of regeneration
HPRegen  0.51/turn              (no ring)
MPRegen  0.09/turn              (no ring)

@: hasted, very quick
A: small, mutation resistance 1
a: no special abilities


You were on level 6 of the Dungeon.
You were not hungry.

You visited 1 branch of the dungeon, and saw 4 of its levels.

You collected 143 gold pieces.

Inventory:

Hand Weapons
 a - a +0 long sword (weapon)
 g - a +0 hunting sling
Missiles
 q - 21 stones (quivered)
 r - 4 poisoned tomahawks
Armour
 c - a +0 shield
 j - a +0 pair of gloves (worn)
 p - a +1 chain mail of fire resistance (worn)
Jewellery
 h - an amulet of regeneration (around neck)
Scrolls
 e - 9 scrolls of identify {unknown}
 i - a scroll of fear {unknown}
 o - 2 scrolls of blinking {unknown}
Potions
 d - a potion of might
 n - a potion of haste
Comestibles
 f - 6 rations


   Skills:
 - Level 2.6 Fighting
 + Level 5.2 Long Blades
 - Level 3.2 Armour
 - Level 3.2 Shields


You had 4 spell levels left.
You didn't know any spells.

Dungeon Overview and Level Annotations

Branches:
Dungeon (3/15)

Altars:

Annotations:
D:1 gnolls


Innate Abilities, Weirdness & Mutations

You are small and have problems with some larger weapons.
You are somewhat resistant to further mutation.


Message History

The jackal bites you.
* * * LOW HITPOINT WARNING * * *
The sky beast hits you but does no damage.
You closely miss the sky beast.
The sky beast is moderately wounded.
The jackal closely misses you.
The sky beast flickers out of sight!
Deactivating autopickup; reactivate with Ctrl-A.
Something hits you but does no damage.
You miss something.
The jackal bites you but does no damage.
Something hits you but does no damage.
You closely miss something.
The jackal bites you but does no damage.
You slash something! The jackal barely misses you.
Something hits you but does no damage. The jackal bites you.
* * * LOW HITPOINT WARNING * * *
You miss something. Something hits you.
* * * LOW HITPOINT WARNING * * *
Something shocks you.
You die...

#.?.......#...
###.............
.>..####.##..###
.......#.# ..#
#......#.# ....
#........## ####
#.......JS#
#.....###h#
..#.## #@# # #
#{# #.# #.# ...
#.# #.# #.#


You could see a jelly, an adder and a jackal.

Vanquished Creatures
  A hound (D:6)
  Terence (D:2)
  An adder (D:3)
  An ooze (D:3)
  2 worms
  2 dart slugs
  2 leopard geckos (D:1)
  An orc (D:3)
  2 ball pythons
  10 bats
  A giant cockroach (D:1)
  5 goblins
  8 hobgoblins
  4 jackals
  8 kobolds
  4 frilled lizards
53 creatures vanquished.

Notes
Turn   | Place    | Note
-------+----------+-------------------------------------------
     0 | D:1      | MenacingMecha the Halfling Fighter began the quest for the Orb.
     0 | D:1      | Reached XP level 1. HP: 15/15 MP: 1/1
   244 | D:1      | Reached XP level 2. HP: 20/20 MP: 2/2
   261 | D:1      | Reached skill level 3 in Long Blades
   462 | D:1      | Reached XP level 3. HP: 23/25 MP: 3/3
   917 | D:2      | Noticed Terence
   958 | D:2      | Killed Terence
   958 | D:2      | Reached skill level 4 in Long Blades
   958 | D:2      | Reached XP level 4. HP: 26/30 MP: 4/4
  1660 | D:3      | Reached XP level 5. HP: 29/35 MP: 5/5
  1695 | D:3      | You fall through a shaft for 3 floors!
  1712 | D:6      | Reached skill level 5 in Long Blades
  1713 | D:6      | Noticed an ogre
  1715 | D:6      | Noticed a sky beast
  1749 | D:6      | Slain by a sky beast

Vault maps used:
D:1:      evilmike_arrival_crescent
D:2:      uniq_terence
D:3:      uniq_sigmund
D:6:      dancing_weapons_uskayaw, nemelex_xobeh_ov_fountains_minmay,
          amethyst_overflow_temple_binary, minmay_temple_entry_junction_2

Skill      XL: |  1  2  3  4  5 |
---------------+----------------+-----
Long Blades    | 3 4 5 |  5.2
Fighting       | |  2.6
Armour         | |  3.2
Shields        | |  3.2

Action                   |  1- 3 |  4- 6 || total
-------------------------+-------+-------++-------
Melee: Long sword        |   109 |   113 ||   222
  Use: Potion            |       |     6 ||     6
  Eat: Chunk             |       |     3 ||     3
Armor: Scale mail        |    61 |       ||    61
       Chain mail        |       |   120 ||   120
Dodge: Dodged            |    93 |    90 ||   183
       Rpst.: Long sword |    22 |    15 ||    37

Table legend:
 A = Spawn XP
 B = Non-spawn XP
 C = Spawn XP percentage of total XP
 D = Spawn monster count
 E = Non-spawn monster count
 F = Spawn count percentage of total count
 G = Total turns spent on level
                    A         B        C        D         E        F      G
               +---------+---------+-------+---------+---------+-------+---------
         Total |       0 |     199 |   0.0 |       0 |      53 |   0.0 |  1749
               +---------+---------+-------+---------+---------+-------+---------
           D:1 |       0 |      36 |   0.0 |       0 |      18 |   0.0 |   561
           D:2 |       0 |      63 |   0.0 |       0 |      15 |   0.0 |   783
           D:3 |       0 |      51 |   0.0 |       0 |      17 |   0.0 |   351
           D:6 |       0 |      49 |   0.0 |       0 |       3 |   0.0 |    54
               +---------+---------+-------+---------+---------+-------+---------
